 Dungeon Sprint DCSS version 0.22-a0-358-g7563fe7 (webtiles) character file.

181 KristoblXynda the Covert (level 5, -6/31 HPs)
             Began as an Octopode Enchanter on Apr 18, 2018.
             Was an Initiate of Vehumet.
             Mangled by a two-headed ogre
             ... wielding a +0 dire flail
              (13 damage)
             ... in the Dungeon (Sprint IX: "|||||||||||||||||||||||||||||").
             The game lasted 00:01:23 (465 turns).

KristoblXynda the Covert (Octopode Enchanter)        Turns: 465, Time: 00:01:24

Health: -6/31      AC:  1    Str: 15    XL:     5   Next: 61%
Magic:  13/13      EV: 13    Int: 17    God:    Vehumet [......]
Gold:   0          SH:  0    Dex: 12    Spells: 7/16 levels left

rFire    . . .     SeeInvis .   m - +2 rapier (elec)
rCold    . . .     Gourm    .   (no shield)
rNeg     . . .     Faith    .   (helmet restricted)
rPois    .         Spirit   .   (no amulet)
rElec    .         Reflect  .   n - +3 ring of strength
rCorr    .         Harm     .   o - +3 ring of strength
MR       .....     NoTele   +   (no ring)
Stlth    +++++.....             (no ring)
HPRegen  0.10/turn              (no ring)
MPRegen  0.13/turn              (no ring)
                                (no ring)
                                (no ring)

@: no status effects
A: almost no armour, stealthy swim, amphibious, 8 rings, constrict 8, camouflage
1, gelatinous body 1
a: Renounce Religion


You were in the Dungeon.
You worshipped Vehumet.
Vehumet was noncommittal.
You were not hungry.

You visited 1 branch

Inventory:

Hand Weapons
 m - a +2 rapier of electrocution (weapon)
Magical Staves
 l - an uncursed staff of energy
Jewellery
 n - a +3 ring of strength (left tentacle)
 o - a +3 ring of strength (right tentacle)
Wands
 k - a wand of acid (8)
Scrolls
 h - 3 scrolls of remove curse
 i - 2 scrolls of blinking
 j - 2 scrolls of amnesia
Potions
 b - a potion of invisibility
 d - 2 potions of heal wounds
 e - 4 potions of curing
 f - a potion of haste
 g - 4 potions of magic
Comestibles
 c - a ration


   Skills:
 - Level 1.0 Short Blades
 - Level 2.0 Dodging
 + Level 9.9 Stealth
 + Level 6.1 Spellcasting
 + Level 7.0 Hexes


You had 7 spell levels left.
You knew the following spells:

 Your Spells              Type           Power        Failure   Level  Hunger
a - Corona                Hex            ####...      1%          1    None
b - Confuse               Hex            ####....     2%          3    ##.....
c - Ensorcelled Hibernat  Hex/Ice        ###...       4%          2    None
d - Tukima's Dance        Hex            ####....     2%          3    ##.....


Dungeon Overview and Level Annotations

Branches:
Dungeon (1/1)

Altars:
Cheibriados
Dithmenos
Elyvilon
Fedhas
Gozag
Hepliaklqana
Kikubaaqudgha
Makhleb
Nemelex Xobeh
Okawaru
Qazlal
Ru
Sif Muna
Trog
Uskayaw
Vehumet
Wu Jian
Xom
Yredelemnul
Zin
The Shining One
Beogh
Jiyva
Lugonu


Innate Abilities, Weirdness & Mutations

You cannot wear most types of armour.
You are very stealthy in the water. (Stealth+)
You are amphibious.
You can wear up to eight rings at the same time.
You can use your tentacles to constrict eight enemies at once.
Your skin changes colour to match your surroundings (Stealth+).
Your rubbery body absorbs attacks. (AC +1, EV +1)


Message History

The two-headed ogre is moderately wounded.
The two-headed ogre shouts in stereo!
The bolt of acid hits the gnoll.
The gnoll is splashed with acid.
The acid corrodes the gnoll!
You kill the gnoll!
Vehumet accepts your kill.
Your Hexes skill increases to level 7!
The hound barks!
The hornet buzzes angrily.
Evoke which item? (* to show all) (? for menu, Esc to quit)
Aiming: Corrosive Bolt
Press: ? - help, Shift-Dir - straight line, p - hound The bolt of acid hits the two-headed ogre.
The two-headed ogre is splashed with acid.
The two-headed ogre is severely wounded.
The bolt of acid hits the jelly.
The jelly completely resists.
The two-headed ogre hits you with a dire flail!!
Ouch! That really hurt!
* * * LOW HITPOINT WARNING * * *
The two-headed ogre hits you with a giant club!
You die... ▓▓▓▓▓▓▓▓▓▓▓▓▓▓▓▓▓▓▓▓▓▓▓▓ _______'...)[[[.@OJ)hW.y ▓▓▓▓▓▓▓▓▓▓▓▓▓▓▓▓▓▓▓▓▓▓▓▓

You could see a two-headed ogre, a phantom, a hornet, a hound and a jelly.

Vanquished Creatures
  An ogre (D)
  2 hounds (D)
  A worker ant (D)
  A gnoll (D)
  A shadow imp (D)
  2 bats (D)
  A goblin (D)
  A jackal (D)
  A kobold (D)
11 creatures vanquished.

Notes
Turn   | Place    | Note
-------+----------+-------------------------------------------
     0 | D        | KristoblXynda the Octopode Enchanter began the quest for the Orb.
     0 | D        | Reached XP level 1. HP: 11/11 MP: 3/3
    15 | D        | Reached skill level 5 in Stealth
   170 | D        | Noticed a hound
   170 | D        | Noticed a hound
   170 | D        | Noticed a worker ant
   170 | D        | Noticed an ogre
   172 | D        | Reached XP level 2. HP: 15/17 MP: 6/6
   179 | D        | Reached skill level 6 in Stealth
   179 | D        | Reached XP level 3. HP: 8/21 MP: 6/8
   186 | D        | Reached skill level 7 in Stealth
   186 | D        | Reached skill level 5 in Hexes
   186 | D        | Reached XP level 4. HP: 27/27 MP: 6/10
   189 | D        | Reached skill level 8 in Stealth
   195 | D        | Killed an ogre
   195 | D        | Reached skill level 9 in Stealth
   195 | D        | Reached XP level 5. HP: 14/31 MP: 7/13
   394 | D        | Learned a level 3 spell: Confuse
   397 | D        | Learned a level 2 spell: Ensorcelled Hibernation
   402 | D        | Learned a level 3 spell: Tukima's Dance
   404 | D        | Found a roughly hewn altar of Beogh.
   404 | D        | Found a snail-covered altar of Cheibriados.
   404 | D        | Found a shadowy altar of Dithmenos.
   404 | D        | Found a white marble altar of Elyvilon.
   404 | D        | Found a blossoming altar of Fedhas.
   404 | D        | Found an opulent altar of Gozag.
   405 | D        | Found a hazy altar of Hepliaklqana.
   406 | D        | Found a viscous altar of Jiyva.
   407 | D        | Found an ancient bone altar of Kikubaaqudgha.
   408 | D        | Found a corrupted altar of Lugonu.
   409 | D        | Found a burning altar of Makhleb.
   410 | D        | Found a sparkling altar of Nemelex Xobeh.
   411 | D        | Found an iron altar of Okawaru.
   412 | D        | Found a stormy altar of Qazlal.
   413 | D        | Found a sacrificial altar of Ru.
   414 | D        | Found a deep blue altar of Sif Muna.
   415 | D        | Found a bloodstained altar of Trog.
   416 | D        | Found a hide-covered altar of Uskayaw.
   427 | D        | Found a radiant altar of Vehumet.
   428 | D        | Found an ornate altar of the Wu Jian Council.
   429 | D        | Found a shimmering altar of Xom.
   430 | D        | Found a basalt altar of Yredelemnul.
   431 | D        | Found a glowing silver altar of Zin.
   432 | D        | Found a glowing golden altar of the Shining One.
   435 | D        | Became a worshipper of Vehumet
   463 | D        | Noticed a two-headed ogre
   463 | D        | Noticed a phantom
   463 | D        | Noticed a hornet
   465 | D        | Mangled by a two-headed ogre

Vault maps used:
D:        linesprint

Skill      XL: |  1  2  3  4  5 |
---------------+----------------+-----
Stealth        | 5 6 7 9 |  9.9
Spellcasting   | 3 4 6 |  6.1
Hexes          | 4 5 6 7 |  7.0
Short Blades   | |  1.0
Dodging        | |  2.0

Action                   |  1- 3 |  4- 6 || total
-------------------------+-------+-------++-------
Melee: Dagger            |    23 |     7 ||    30
       Constrict         |     6 |     1 ||     7
       Tentacles         |     6 |     1 ||     7
Evoke: Wand              |       |     2 ||     2
  Use: Potion            |     3 |       ||     3
Armor: Skin              |     1 |       ||     1
Dodge: Dodged            |    15 |     2 ||    17

Table legend:
 A = Spawn XP
 B = Non-spawn XP
 C = Spawn XP percentage of total XP
 D = Spawn monster count
 E = Non-spawn monster count
 F = Spawn count percentage of total count
 G = Total turns spent on level
                    A         B        C        D         E        F      G
               +---------+---------+-------+---------+---------+-------+---------
         Total |       0 |     259 |   0.0 |       0 |      11 |   0.0 |   465
               +---------+---------+-------+---------+---------+-------+---------
             D |       0 |     259 |   0.0 |       0 |      11 |   0.0 |   465
               +---------+---------+-------+---------+---------+-------+---------
